 Dungeon Crawl Stone Soup version 0.17-b1-25-g6d8775f (webtiles) character file.

7676 dvd the Covert (level 11, -12/72 HPs)
             Began as an Octopode Monk on Nov 5, 2015.
             Was the Champion of Cheibriados.
             Killed from afar by a deep elf mage (40 damage)
             ... with a shard of ice
             ... on level 11 of the Dungeon.
             The game lasted 00:48:12 (10883 turns).

dvd the Covert (Octopode Monk)                     Turns: 10883, Time: 00:48:12

Health: -12/72     AC:  0    Str: 26    XL:     11   Next: 19%
Magic:  16/17      EV: 20    Int: 31    God:    Cheibriados [******]
Gold:   487        SH:  0    Dex: 29    Spells: 1 memorised, 17 levels left

rFire  . . .     SeeInvis .       - Unarmed
rCold  . . .     Clarity  .     (no shield)
rNeg   . . .     SustAt   +     (helmet restricted)
rPois  .         Gourm    .     j - amulet of faith
rElec  +         Spirit   .     l - ring of sustain attributes
rCorr  .         Warding  .     y - +2 ring of slaying
rMut   .         Stasis   .     v - +3 ring of protection
MR     .....                    n - +2 ring of intelligence
Stlth  +++++++...               (no ring)
                                (no ring)
                                (no ring)
                                (no ring)

@: corroded equipment, very slow, not resistant to hostile enchantments,
extremely stealthy
A: almost no armour, amphibious, 8 rings, constrict 8, camouflage 1, blurry
vision 1, electricity resistance, weak 1, gelatinous body 1, subdued magic 1
a: Bend Time, Temporal Distortion, Slouch, Step From Time, Renounce Religion


You were on level 11 of the Dungeon.
You worshipped Cheibriados.
Cheibriados was exalted by your worship.
You were not hungry.

You visited 2 branches of the dungeon, and saw 12 of its levels.
You also visited: Ossuary.

You collected 487 gold pieces.

Inventory:

Hand Weapons
 u - a +3 dagger of electrocution
Missiles
 b - 3 javelins
 m - 17 tomahawks (quivered)
 p - 4 throwing nets
 z - 2 javelins of penetration
Magical Staves
 C - an uncursed staff of conjuration
Jewellery
 j - an amulet of faith (around mantle)
 l - a ring of sustain attributes (left tentacle)
 n - a +2 ring of intelligence (on tentacle)
 v - a +3 ring of protection (on tentacle)
 y - a +2 ring of slaying (right tentacle)
Wands
 A - a wand of cold (15)
Scrolls
 d - a scroll of enchant weapon
 e - 3 scrolls of magic mapping
 g - 2 scrolls of teleportation
 o - 2 scrolls of recharging
 r - 6 scrolls of identify
 w - 4 scrolls of remove curse
 x - a scroll of enchant armour
Potions
 c - 3 potions of curing
 i - a potion of resistance
 k - 2 potions of cancellation
 t - 2 potions of magic
Books
 B - the Reference Book on Mutagenic Confrontation
   (You found it on level 7 of the Dungeon)

   Spells                             Type                      Level
   a - Shock                          Conjuration/Air              1
   b - Beastly Appendage              Transmutation                1
   c - Spider Form                    Transmutation/Poison         3
   d - Lightning Bolt                 Conjuration/Air              5
   e - Irradiate                      Conjuration/Transmutation    5
Comestibles
 a - 10 bread rations
 f - 6 beef jerkies
 h - 4 meat rations
 q - a slice of pizza
 s - 12 fruits


   Skills:
 + Level 6.0 Fighting
 + Level 3.8 Throwing
 + Level 6.9 Dodging
 + Level 10.7 Stealth
 + Level 8.1 Unarmed Combat
 + Level 4.0 Spellcasting
 + Level 4.1 Conjurations
 + Level 4.0 Air Magic
 * Level 7.2 Invocations


You had 17 spell levels left.
You knew the following spells:

 Your Spells              Type           Power        Failure   Level  Hunger
a - Shock                 Conj/Air       ###.         1%          1    None


Dungeon Overview and Level Annotations

Branches:
Dungeon (11/15)            Temple (1/1) D:4            Lair (0/8) D:10
    Orc: D:9-12

Altars:
Ashenzari
Cheibriados
Dithmenos
Elyvilon
Fedhas
Gozag
Kikubaaqudgha
Makhleb
Nemelex Xobeh
Okawaru
Qazlal
Ru
Sif Muna
Trog
Vehumet
Xom
Yredelemnul
Zin
The Shining One

Shops:
D:4 (


Innate Abilities, Weirdness & Mutations

You cannot wear most types of armour.
You are amphibious.
You can wear up to eight rings at the same time.
You can use your tentacles to constrict eight enemies at once.
Your skin changes colour to match your surroundings (Stealth).
Your rubbery body absorbs attacks (AC +1).
Scrolls take you a little longer to read.
You are resistant to electric shocks.
You are weak. (Str -2)
Your spells are a little easier to cast, but a little less powerful.


Message History

You constrict the brown ugly thing.
You kill the brown ugly thing!
Cheibriados appreciates the change of pace.
Your Air Magic skill increases to level 4!
Throwing (i - inventory. (,) - cycle):
m - 18 tomahawks (quivered)
Press: ? - help, Shift-Dir - straight line, f - deep elf mage
Aim: a deep elf mage, wielding a dagger and wearing a leather armour You throw a tomahawk.
The tomahawk barely misses the deep elf mage.
Casting: Shock
Confirm with . or Enter, or press ? or * to list all spells.
Aiming: Shock
Press: ? - help, Shift-Dir - straight line, f/p - deep elf mage
Aim: a deep elf mage, wielding a dagger and wearing a leather armour The zap hits the deep elf mage.
The deep elf mage is lightly wounded.
The deep elf mage casts a spell at you. The shard of ice hits you!
Ouch! That really hurt!
You die...

## ########## ..
#........# .#
#.######.# .#
#.######.###.##.#..
#.##.......@†..e..(
#.##.###.###..((...
#.##.# #.# .#..(.)
#.##.###.# .# .#(.
#........# .. ...
#####....## .# .#
#....#....## .# #
#.#.###....# .#
#..# ##...#


You could see a deep elf mage.

Vanquished Creatures
  Erica (D:10)
  Pikel (D:5)
  2 hill giants (D:10)
  An ugly thing (D:11)
  A fire drake (D:10)
  A komodo dragon (D:10)
  A troll (D:9)
  A two-headed ogre (D:8)
  A hippogriff (D:8)
  A water moccasin (D:6)
  2 sky beasts
  5 orc warriors
  A necrophage (D:10)
  An ice beast (D:8)
  2 phantoms
  3 ogres
  4 centaurs
  3 giant frogs
  A wyvern zombie (D:9)
  A water moccasin zombie (D:5)
  10 killer bees (D:8)
  A scorpion (D:5)
  2 giant frog zombies
  5 hounds
  3 orc priests
  7 crimson imps
  3 jellies
  4 orc wizards
  2 gnoll shamans
  3 giant frog skeletons
  2 iguanas (D:11)
  9 worker ants
  A killer bee zombie (D:9)
  6 big kobold zombies (Ossuary)
  A hound zombie (D:8)
  A mummy (Ossuary)
  2 hound skeletons
  10 gnolls
  9 adders
  3 oozes
  2 adder skeletons
  5 worms
  3 giant geckos
  22 orcs
  2 spectral bats (Ossuary)
  7 bats
  5 giant cockroaches
  6 gnoll zombies (Ossuary)
  4 hobgoblins (D:1)
  11 jackals
  7 kobolds
  6 quokkas
  A ball python (D:2)
  3 bat simulacra (Ossuary)
  A giant gecko skeleton (D:4)
  6 giant newts
  10 goblins
  5 goblin simulacra (Ossuary)
  3 goblin zombies (Ossuary)
  3 hobgoblin zombies (Ossuary)
  4 kobold simulacra (Ossuary)
  6 kobold zombies (Ossuary)
  6 orc zombies (Ossuary)
  2 quokka skeletons
  4 rats
  3 rat simulacra (Ossuary)
  6 spectral goblins (Ossuary)
  2 spectral kobolds (Ossuary)
  A spectral rat (Ossuary)
264 creatures vanquished.

Vanquished Creatures (others)
  A slave (D:5)
1 creature vanquished.

Grand Total: 265 creatures vanquished

Notes
Turn   | Place    | Note
--------------------------------------------------------------
     0 | D:1      | dvd the Octopode Monk began the quest for the Orb.
     0 | D:1      | Reached XP level 1. HP: 16/16 MP: 1/1
   149 | D:1      | Reached XP level 2. HP: 21/21 MP: 2/2
   324 | D:1      | Reached XP level 3. HP: 16/26 MP: 3/3
  1149 | D:2      | Found an opulent altar of Gozag.
  1347 | D:2      | Reached XP level 4. HP: 31/31 MP: 4/4
  1477 | D:2      | Found an iron altar of Okawaru.
  2230 | D:3      | Reached skill level 5 in Unarmed Combat
  2580 | D:3      | Reached XP level 5. HP: 32/36 MP: 5/5
  3095 | D:4      | Found a staircase to the Ecumenical Temple.
  3114 | Temple   | Entered the Ecumenical Temple
  3146 | Temple   | Became a worshipper of Cheibriados the Contemplative
  3146 | Temple   | Reached * piety under Cheibriados
  3146 | Temple   | Reached ** piety under Cheibriados
  3255 | D:4      | Found a sacrificial altar of Ru.
  3382 | D:4      | Reached skill level 5 in Stealth
  3588 | D:4      | Reached XP level 6. HP: 37/43 MP: 6/6
  3593 | D:4      | Noticed a phantom
  3608 | D:4      | Killed a phantom
  3608 | D:4      | Reached skill level 6 in Stealth
  3608 | D:4      | Reached skill level 1 in Invocations
  3875 | D:4      | Found Puhigun's Antique Weapon Shoppe.
  4185 | D:5      | Entered Level 5 of the Dungeon
  4310 | D:5      | Reached XP level 7. HP: 31/47 MP: 8/8
  4332 | D:5      | Reached skill level 7 in Stealth
  4412 | D:5      | Found a sand-covered staircase.
  4421 | Ossuary  | Entered an ossuary
  4464 | Ossuary  | Reached *** piety under Cheibriados
  4621 | Ossuary  | Reached skill level 1 in Throwing
  4693 | Ossuary  | Reached **** piety under Cheibriados
  4885 | D:5      | Noticed Pikel
  4898 | D:5      | Killed Pikel
  4898 | D:5      | Reached skill level 8 in Stealth
  4898 | D:5      | Reached XP level 8. HP: 12/54 MP: 8/10
  4935 | D:5      | Found a glowing golden altar of the Shining One.
  5518 | D:6      | Reached skill level 9 in Stealth
  5627 | D:6      | Found a shimmering altar of Xom.
  5664 | D:6      | Reached skill level 5 in Dodging
  5801 | D:6      | Reached ***** piety under Cheibriados
  5979 | D:6      | Reached skill level 5 in Fighting
  5979 | D:6      | Reached XP level 9. HP: 16/61 MP: 12/12
  6937 | D:7      | Identified the Reference Book on Mutagenic Confrontation
  6940 | D:7      | Learned a level 1 spell: Shock
  7125 | D:8      | Reached skill level 10 in Stealth
  7125 | D:8      | Reached skill level 1 in Spellcasting
  7133 | D:8      | Reached skill level 1 in Air Magic
  7268 | D:8      | Reached skill level 1 in Conjurations
  7453 | D:8      | Reached skill level 5 in Invocations
  7655 | D:8      | Reached XP level 10. HP: 63/66 MP: 4/13
  8576 | D:9      | Gained mutation: You are weak. (Str -2) [potion of mutation]
  8576 | D:9      | Gained mutation: Your spells are a little easier to cast, but a little less powerful. [potion of mutation]
  8576 | D:9      | Gained mutation: Scrolls take you a little longer to read. [potion of mutation]
  8577 | D:9      | Gained mutation: You are resistant to electric shocks. [potion of beneficial mutation]
  9037 | D:9      | Reached ****** piety under Cheibriados
  9295 | D:10     | Entered Level 10 of the Dungeon
  9295 | D:10     | Found a staircase to the Lair.
  9533 | D:10     | Noticed Erica
  9541 | D:10     | Killed Erica
  9745 | D:10     | Noticed a hill giant
  9756 | D:10     | Killed a hill giant
 10242 | D:10     | Reached XP level 11. HP: 67/72 MP: 11/16
 10379 | D:10     | Noticed a hill giant
 10390 | D:10     | Killed a hill giant
 10883 | D:11     | Killed from afar by a deep elf mage

Action                   |  1- 3 |  4- 6 |  7- 9 | 10-12 || total
-------------------------+-------+-------+-------+-------++-------
Melee: Unarmed           |    62 |   113 |   210 |   104 ||   489
Throw: Tomahawk          |       |     4 |    22 |    51 ||    77
 Cast: Shock             |       |       |    34 |    88 ||   122
Invok: Slouch            |       |       |     1 |     3 ||     4
Evoke: Wand              |       |       |     1 |       ||     1
  Use: Potion            |       |     1 |     8 |     7 ||    16
       Scroll            |       |       |     9 |     2 ||    11
 Stab: Sleeping          |     7 |    21 |    27 |     3 ||    58
       Distracted        |     1 |     1 |       |     2 ||     4
  Eat: Chunk             |     1 |     7 |     6 |     1 ||    15
       Beef jerky        |       |       |     1 |       ||     1
       Bread ration      |       |       |       |     1 ||     1
